 Dungeon Crawl Stone Soup version 0.29-a0-1043-g569b05d6ff (webtiles) character file.

Game seed: 12055084985906024248

1 ytrimaz the Insei (level 1, -1/15 HPs)
             Began as a Demonspawn Transmuter on Aug 15, 2022.
             Slain by a kobold
             ... wielding a +0 short sword
              (3 damage)
             ... on level 1 of the Dungeon.
             The game lasted 00:00:52 (263 turns).

ytrimaz the Insei (Demonspawn Transmuter)            Turns: 263, Time: 00:00:52

Health: -1/15      AC:  2    Str: 10    XL:     1   Next: 16%
Magic:  3/3        EV: 12    Int: 14    God:
Gold:   100        SH:  0    Dex: 13    Spells: 3/4 levels left

rFire   . . .      SeeInvis .     - Unarmed
rCold   . . .      Faith    .   (no shield)
rNeg    . . .      Spirit   .   a - +0 robe
rPois   .          Reflect  +   (helmet currently unavailable)
rElec   .          Harm     .   (no cloak)
rCorr   .          Rampage  .   (no gloves)
Will    .....                   (boots currently unavailable)
Stlth   +.........              e - amulet of reflection
HPRegen 0.05/turn               (no ring)
MPRegen 0.08/turn               (no ring)

@: confused, appendages (expiring), ambrosia-drunk
A: horns 2, talons 2
a: End Transformation


You were on level 1 of the Dungeon.
You had temporarily grown beastly horns and talons.
You visited 1 branch of the dungeon, and saw 2 of its levels.

You collected 100 gold pieces.

Inventory:

Armour
 a - a +0 robe (worn)
Jewellery
 e - an amulet of reflection (around neck)
Scrolls
 c - a scroll of blinking {unknown}
Potions
 b - 2 potions of lignification
 d - a potion of ambrosia


   Skills:
 - Level 1.0 Fighting
 - Level 1.7 Dodging
 + Level 2.8 Unarmed Combat
 - Level 2.0 Spellcasting
 - Level 1.7 Transmutations


You had 3 spell levels left.
You knew the following spells:

 Your Spells              Type           Power      Damage    Failure   Level
a - Beastly Appendage     Tmut           12%        N/A       12%         1

Your spell library contained the following spells:

 Spells                   Type           Power      Damage    Failure   Level
 Wereblood                Tmut           6%         N/A       17%         2
 Spider Form              Tmut/Pois      3%         N/A       45%         3
 Ice Form                 Ice/Tmut       3%         N/A       86%         4


Dungeon Overview and Level Annotations

Branches:
Dungeon (2/15)

Altars:


Innate Abilities, Weirdness & Mutations

You have temporarily grown beastly horns and talons.


Message History

You start putting on your amulet.
You continue putting on your amulet of reflection. x5
You finish putting on your amulet of reflection.
You feel a shielding aura gather around you.
e - an amulet of reflection (around neck) Unknown command.
You climb upwards.
The gnoll shouts!
The kobold shouts!
The hobgoblin shouts!
Found a scroll of identify and 35 gold pieces.
There is a stone staircase leading down here.
There are monsters nearby!
Unknown command.
Found a scroll of identify.
You grow a pair of large bovine horns.
Your feet morph into talons.
The kobold shouts!
Found a scroll labelled ENOFIO MECUIPRO.
The kobold hits you with a +0 dagger.
You hit the kobold.
You kill the kobold!
The hobgoblin attacks as you move away! You block the hobgoblin's attack.
You hit the hobgoblin.
The hobgoblin is moderately wounded.
The hobgoblin closely misses you.
A gnoll breaks down the door.
You hit the hobgoblin but do no damage. Your headbutt misses the hobgoblin.
The hobgoblin is moderately wounded.
The hobgoblin hits you. The gnoll attacks as you move away!
The gnoll hits you with a +0 whip.
* * * LOW HITPOINT WARNING * * *
A ball python comes into view.
Your transformation is almost over.
Unknown command.
You are confused.
You feel invigorated. The gnoll barely misses you.
Unknown command.
The gnoll hits you with a +0 whip.
* * * LOW HITPOINT WARNING * * *
The gnoll hits you with a +0 whip.
* * * LOW HITPOINT WARNING * * *
The kobold hits you with a +0 short sword.
You die...

...... ...###..
.$.... #....?.#
...... ....... .
..... #....####
.......####.......#
....##...##.....#.#
#######
.........r#........
#8≈§§≈≈
..##.>.gg@.......
#......
........#'#K...##..
#......
.?.............?...
#<...8.
............S......
#....8.
$##+##..PP.P.......
#......
#.......P.....
#......
......P.P.....
#8≈§≈§≈
#..P....P..####
#######


You could see a gnoll, a hobgoblin, a ball python, a kobold and a rat.

Vanquished Creatures
  A kobold (D:1)
  A rat (D:2)
  A toadstool (D:2)
3 creatures vanquished.

Vanquished Creatures (others)
  4 fungi (D:2)
  A plant (D:1)
  3 toadstools (D:2)
8 creatures vanquished.

Grand Total: 11 creatures vanquished

Notes
Turn   | Place    | Note
-------+----------+-------------------------------------------
     0 | D:1      | ytrimaz the Demonspawn Transmuter began the quest for the
                  | Orb.
     0 | D:1      | Reached XP level 1. HP: 15/15 MP: 3/3
    12 | D:1      | You fall into a shaft and drop 1 floor!
   263 | D:1      | Slain by a kobold

Illustrated notes

Levels and vault maps discovered:
D:1:      lightli_arrival_noodles, layout_basic,
          hellmonk_ecumenical_altar_prayer_group, nicolae_grassy_gnolls
D:2:      layout_loops_corners, minivault_23, minmay_gold_behind_fungi,
          minmay_distorted, uniq_sigmund

Action                   || total
-------------------------++-------
Melee: Unarmed           ||    10
       Punch             ||     1
 Cast: Beastly Appendage ||     1
  Use: Scroll            ||     1
       Potion            ||     1
Dodge: Dodged            ||     2
Block: Other             ||     1

Table legend: (Time is in decaauts)
 A = Elapsed time spent in this place.
 B = Non-inter-level travel time spent in this place.
 C = Inter-level travel time spent in this place.
 D = Time resting spent in this place.
 E = Time spent auto-exploring this place.
 F = Levels seen in this place.
 G = Mean time per level.
                   A        B        C        D        E       F      G
               +--------+--------+--------+--------+--------+-----+--------+
         Total |    261 |    261 |      0 |      0 |     89 |   2 |  130.5 |
       Dungeon |    261 |    261 |      0 |      0 |     89 |   2 |  130.5 |
               +--------+--------+--------+--------+--------+-----+--------+

Top non-repeatable levels by time:
     D:2: 237 daAuts
     D:1: 24 daAuts
